 Dungeon Crawl Stone Soup version 0.30-a0-989-g0d87f670db (webtiles) character file.

Game seed: 15710876938608441538

315 2tousent the Stinger (level 6, -1/44 HPs)
             Began as a Gnoll Venom Mage on Apr 3, 2023.
             Killed from afar by a steam dragon (16 damage)
             ... with a ball of steam
             ... on level 4 of the Dungeon.
             The game lasted 00:05:20 (3662 turns).

2tousent the Stinger (Gnoll Venom Mage)             Turns: 3662, Time: 00:05:21

Health: -1/44      AC:  2    Str:  9    XL:     6   Next: 44%
Magic:  7/14       EV: 13    Int: 15    God:
Gold:   210        SH:  0    Dex: 12    Spells: 10/15 levels left

rFire   . . .      SeeInvis .    c - +0 short sword
rCold   . . .      Faith    .    (no shield)
rNeg    . . .      Spirit   .    a - +0 robe
rPois   .          Reflect  .    (no helmet)
rElec   .          Rampage  .    (no cloak)
rCorr   .                        (no gloves)
Will    .....                    (no boots)
Stlth   +++                      (no amulet)
HPRegen 0.27/turn                j - ring of flight
MPRegen 0.14/turn                (no ring)

@: weak-willed, flying
A: fangs 1, strong nose, distributed training
a: no special abilities


You were on level 4 of the Dungeon.
You visited 1 branch of the dungeon, and saw 4 of its levels.

You collected 210 gold pieces.

Inventory:

Hand Weapons
 c - a +0 short sword (weapon)
Missiles
 h - 3 javelins
 q - 2 atropa-tipped darts
Armour
 a - a +0 robe (worn)
 d - a +0 scale mail
Jewellery
 j - a ring of flight (left hand)
 l - an amulet of the acrobat
Potions
 b - a potion of magic
 e - a potion of lignification
 f - a potion of brilliance {unknown}
 g - a potion of might {unknown}
 i - a potion of mutation {unknown}
 k - a potion of flight {unknown}
 m - a potion of curing
 n - a potion of resistance {unknown}
 o - 2 potions of heal wounds {unknown}


   Skills:
 + Level 2.0 Fighting
 + Level 2.0 Short Blades
 + Level 2.0 Long Blades
 + Level 2.0 Axes
 + Level 2.0 Maces & Flails
 + Level 2.0 Polearms
 + Level 2.0 Staves
 + Level 2.0 Ranged Weapons
 + Level 2.0 Throwing
 + Level 2.0 Armour
 + Level 5.0 Dodging
 + Level 4.6 Stealth
 + Level 2.0 Shields
 + Level 2.0 Unarmed Combat
 + Level 5.4 Spellcasting
 + Level 1.6 Conjurations
 + Level 1.6 Hexes
 + Level 1.6 Summonings
 + Level 1.6 Necromancy
 + Level 1.6 Translocations
 + Level 2.7 Transmutations
 + Level 1.6 Fire Magic
 + Level 1.6 Ice Magic
 + Level 1.6 Air Magic
 + Level 1.6 Earth Magic
 + Level 5.7 Poison Magic
 + Level 2.2 Invocations
 + Level 2.0 Evocations


You had 10 spell levels left.
You knew the following spells:

 Your Spells              Type           Power      Damage    Failure   Level
a - Sting                 Tmut/Pois      64%        1d6       2%          1
b - Olgreb's Toxic Radia  Pois           21%        N/A       16%         4

Your spell library contained the following spells:

 Spells                   Type           Power      Damage    Failure   Level
 Poisonous Vapours        Pois/Air       30%        N/A       5%          2
 Slow                     Hex            32%        N/A       9%          1
 Mephitic Cloud           Conj/Pois/Air  13%        N/A       14%         3
 Confusing Touch          Hex            8%         N/A       24%         3
 Vampiric Draining        Necr           8%         2d6       24%         3


Dungeon Overview and Level Annotations

Branches:
Dungeon (4/15)
 Temple: D:4-7

Altars:

Shops:
D:1 ([   D:3 *(:=

Annotations:
D:1 1 transporter


Innate Abilities, Weirdness & Mutations

You have very sharp teeth.
Your uncanny sense of smell can sniff out nearby items.
Your experience applies equally to all skills.


Message History

You hear an angry hiss.
The sting hits the steam dragon but does no damage.
The steam dragon looks even sicker.
The steam dragon is moderately wounded.
You are engulfed in a cloud of scalding steam.
The steam dragon barely misses you. The steam dragon closely misses you.
You are too injured to fight recklessly!
You are too injured to fight recklessly!
The steam dragon attacks as you move away!
The steam dragon barely misses you. The steam dragon claws you.
A ball python comes into view.
You are too injured to fight recklessly!
Casting: Sting (safe; 2% risk of failure)
Confirm with . or Enter, or press ? or * to list all spells.
Aiming: Sting (safe; 2% risk of failure)
Press: ? - help, Shift-Dir - straight line, f/p - steam dragon
Aim: a steam dragon (moderately wounded, very poisoned, catching its breath, 74% to hit)
The sting hits the steam dragon but does no damage.
The steam dragon looks as sick as possible!
The steam dragon is moderately wounded.
The steam dragon closely misses you. The steam dragon misses you.
Casting: Sting (safe; 2% risk of failure)
Confirm with . or Enter, or press ? or * to list all spells.
Aiming: Sting (safe; 2% risk of failure)
Press: ? - help, Shift-Dir - straight line, f/p - steam dragon
Aim: a steam dragon (heavily wounded, extremely poisoned, 74% to hit)
The sting misses the steam dragon.
The steam dragon completely misses you. The steam dragon claws you.
Unknown command.
Casting: Sting (safe; 2% risk of failure)
Confirm with . or Enter, or press ? or * to list all spells.
Aiming: Sting (safe; 2% risk of failure)
Press: ? - help, Shift-Dir - straight line, f/p - steam dragon
Aim: a steam dragon (severely wounded, extremely poisoned, 74% to hit)
The sting hits the steam dragon.
The steam dragon looks as sick as possible!
The steam dragon is severely wounded.
The steam dragon breathes steam at you. The ball of steam hits you!
You die...

#####
.....#####
........#
#.....#
#...D@#########
#...§.........#
###.#.#######.#
#.#S# #.###
#.#.# #...#
..^.# ###.# ∆
...## ####.####
.... #.....).#
.... #.......#


You could see a steam dragon (extremely poisoned, catching breath) and a ball
python.

Vanquished Creatures
  Sigmund (D:3)
  Ijyb (D:3)
  Robin (D:3)
  2 adders
  2 worms
  A dart slug (D:1)
  4 orcs (D:3)
  3 endoplasms
  3 giant cockroaches
  17 goblins
  6 hobgoblins
  18 jackals
  3 quokkas
  4 ball pythons
  3 bats (D:2)
  3 kobolds
  7 rats
79 creatures vanquished.

Notes
Turn   | Place    | Note
-------+----------+-------------------------------------------
     0 | D:1      | 2tousent the Gnoll Venom Mage began the quest for the Orb.
     0 | D:1      | Reached XP level 1. HP: 13/13 MP: 6/6
   319 | D:1      | Found Ovuch's Antique Armour Shoppe.
   477 | D:1      | Reached XP level 2. HP: 19/19 MP: 1/7
  1056 | D:1      | Found Yjapnes's Weapon Boutique.
  1306 | D:2      | Reached skill level 5 in Spellcasting
  1306 | D:2      | Reached XP level 3. HP: 18/25 MP: 1/9
  1440 | D:2      | Reached skill level 1 in Invocations
  1864 | D:2      | Reached skill level 1 in Fighting
  1864 | D:2      | Reached skill level 1 in Short Blades
  1864 | D:2      | Reached skill level 1 in Long Blades
  1864 | D:2      | Reached skill level 1 in Axes
  1864 | D:2      | Reached skill level 1 in Maces & Flails
  1864 | D:2      | Reached skill level 1 in Polearms
  1864 | D:2      | Reached skill level 1 in Staves
  1864 | D:2      | Reached skill level 1 in Ranged Weapons
  1864 | D:2      | Reached skill level 1 in Throwing
  1864 | D:2      | Reached skill level 1 in Armour
  1864 | D:2      | Reached skill level 1 in Shields
  1864 | D:2      | Reached skill level 1 in Unarmed Combat
  1864 | D:2      | Reached skill level 1 in Evocations
  2236 | D:3      | Found Mounettu's Assorted Antiques.
  2301 | D:3      | Noticed Robin
  2322 | D:2      | Reached XP level 4. HP: 30/32 MP: 7/11
  2363 | D:2      | Learned a level 4 spell: Olgreb's Toxic Radiance
  2531 | D:3      | Found Laguex's Jewellery Shoppe.
  2627 | D:3      | Reached skill level 1 in Conjurations
  2627 | D:3      | Reached skill level 1 in Hexes
  2627 | D:3      | Reached skill level 1 in Summonings
  2627 | D:3      | Reached skill level 1 in Necromancy
  2627 | D:3      | Reached skill level 1 in Translocations
  2627 | D:3      | Reached skill level 1 in Fire Magic
  2627 | D:3      | Reached skill level 1 in Ice Magic
  2627 | D:3      | Reached skill level 1 in Air Magic
  2627 | D:3      | Reached skill level 1 in Earth Magic
  2711 | D:3      | Found Rikyt's Antique Weapon Emporium.
  2822 | D:3      | Noticed Ijyb
  2834 | D:3      | Killed Ijyb
  2835 | D:3      | Reached XP level 5. HP: 17/37 MP: 0/12
  2878 | D:3      | Killed Robin
  3208 | D:3      | Found Cuofa's Book Shop.
  3236 | D:3      | Noticed Sigmund
  3248 | D:3      | Killed Sigmund
  3249 | D:3      | Reached skill level 5 in Dodging
  3249 | D:3      | Reached XP level 6. HP: 28/44 MP: 4/14
  3646 | D:4      | Noticed a steam dragon
  3662 | D:4      | Killed from afar by a steam dragon

Illustrated notes

Levels and vault maps discovered:
D:1:      spicycebolla_arrival_transporter_tutorial, layout_basic, serial_shops,
          shop, shop
D:2:      layout_basic
D:3:      layout_basic, serial_shops, shop, nicolae_shop_hallway_stairs,
          shop_coins, shop, uniq_ijyb, uniq_sigmund, uniq_robin
D:4:      layout_loops_corners, kennysheep_mini, serial_shops, shop,
          chequers_decorated_corner, hangedman_decor_clover_reticule,
          uniq_blork_the_orc

Skill      XL: |  1  2  3  4  5 |
---------------+----------------+-----
Transmutations | 2 |  2.7
Spellcasting   | 5 |  5.4
Invocations    | 1 2 |  2.2
Fighting       | 1 2 |  2.0
Short Blades   | 1 2 |  2.0
Long Blades    | 1 2 |  2.0
Axes           | 1 2 |  2.0
Maces & Flails | 1 2 |  2.0
Polearms       | 1 2 |  2.0
Staves         | 1 2 |  2.0
Ranged Weapons | 1 2 |  2.0
Throwing       | 1 2 |  2.0
Armour         | 1 2 |  2.0
Shields        | 1 2 |  2.0
Unarmed Combat | 1 2 |  2.0
Evocations     | 1 2 |  2.0
Conjurations   | 1 |  1.6
Hexes          | 1 |  1.6
Summonings     | 1 |  1.6
Necromancy     | 1 |  1.6
Translocations | 1 |  1.6
Fire Magic     | 1 |  1.6
Ice Magic      | 1 |  1.6
Air Magic      | 1 |  1.6
Earth Magic    | 1 |  1.6
Dodging        | 5 |  5.0
Stealth        | |  4.6
Poison Magic   | |  5.7

Action                     |  1- 3 |  4- 6 || total
---------------------------+-------+-------++-------
  Melee: Unarmed           |     9 |     3 ||    12
         Bite              |     1 |     8 ||     9
         Short sword       |       |    51 ||    51
         Punch             |       |     1 ||     1
   Cast: Sting             |    91 |    45 ||   136
         Olgreb's Toxic Ra |       |     4 ||     4
    Use: Scroll            |     3 |     2 ||     5
   Stab: Sleeping          |       |     6 ||     6
 Armour: Robe              |     7 |     9 ||    16
  Dodge: Dodged            |    47 |    44 ||    91

Table legend: (Time is in decaauts)
 A = Elapsed time spent in this place.
 B = Non-inter-level travel time spent in this place.
 C = Inter-level travel time spent in this place.
 D = Time resting spent in this place.
 E = Time spent auto-exploring this place.
 F = Levels seen in this place.
 G = Mean time per level.
                   A        B        C        D        E       F      G
               +--------+--------+--------+--------+--------+-----+--------+
         Total |   3658 |   3522 |    136 |    365 |   2646 |   4 |  914.5 |
       Dungeon |   3658 |   3522 |    136 |    365 |   2646 |   4 |  914.5 |
               +--------+--------+--------+--------+--------+-----+--------+

Top non-repeatable levels by time:
     D:3: 1356 daAuts
     D:1: 1279 daAuts
     D:2: 991 daAuts
     D:4: 31 daAuts
